 Dungeon Crawl Stone Soup version 0.18.1-48-g4cf74bf (webtiles) character file.

156021 nikopol the Impaler (level 17, -1/154 HPs)
             Began as a Minotaur Berserker on July 6, 2016.
             Was a High Priest of Trog.
             Slain by a swamp drake (3 damage)
             ... on level 4 of the Swamp.
             The game lasted 02:01:12 (37920 turns).

nikopol the Impaler (Minotaur Berserker)           Turns: 37920, Time: 02:01:13

Health: -1/154     AC: 27    Str: 22    XL:     17   Next: 9%
Magic:  16/16      EV: 23    Int:  4    God:    Trog [*****.]
Gold:   2811       SH:  0    Dex: 21    Spells: 0 memorised, 16 levels left

rFire  . . .     SeeInvis .     x - +4 glaive (protect)
rCold  . . .     Gourm    .     T - +4 chain mail
rNeg   . . .     Faith    .     (shield currently unavailable)
rPois  +         Spirit   .     (helmet restricted)
rElec  .         Dismiss  .     A - +0 cloak
rCorr  .         Reflect  .     O - +0 pair of gloves
SustAt .         Harm     .     a - +0 pair of boots
MR     +++..                    H - amulet of Lies {+Rage rPois MR+ Dex+4}
Stlth  ..........               u - +4 ring of evasion
                                o - ring of protection from magic

@: exhausted, about to teleport, starving, extremely resistant to hostile
enchantments, extremely unstealthy
A: retaliatory headbutt, horns 2, mutation resistance 1
a: Berserk, Trog's Hand, Brothers in Arms, Burn Spellbooks, Renounce Religion,
Evoke Berserk Rage


You were on level 4 of the Swamp.
You worshipped Trog.
Trog was extremely pleased with you.
You were starving.

You visited 4 branches of the dungeon, and saw 29 of its levels.
You also visited: Sewer and Ice Cave.

You collected 3357 gold pieces.
You spent 546 gold pieces at shops.

Inventory:

Hand Weapons
 c - a +5 shortbow of flaming
 w - a +4 longbow of velocity
 x - a +4 glaive of protection (weapon)
 P - a +3 bardiche of venom
Missiles
 f - 352 arrows (quivered)
Armour
 a - a +0 pair of boots (worn)
 A - a +0 cloak (worn)
 O - a +0 pair of gloves (worn)
 T - a +4 chain mail (worn)
Jewellery
 o - a ring of protection from magic (left hand)
 q - a +4 amulet of reflection
 u - a +4 ring of evasion (right hand)
 v - a +3 ring of protection
 H - the amulet of Lies (around neck) {+Rage rPois MR+ Dex+4}
   (You found it on level 3 of the Lair of Beasts)

   [amulet of rage]

   It affects your dexterity (+4).
   It protects you from poison.
   It affects your resistance to hostile enchantments.
   It lets you go berserk.
 L - an uncursed ring of sustain attributes
 S - an uncursed ring of resist corrosion
 U - an uncursed ring of flight
Wands
 R - a wand of digging (12/24)
Scrolls
 h - 9 scrolls of teleportation
 j - 7 scrolls of remove curse
 l - 7 scrolls of enchant weapon
 t - a scroll of vulnerability {unknown}
 y - 2 scrolls of magic mapping
 C - 5 scrolls of recharging
 E - 3 scrolls of identify
 G - a scroll of fear {unknown}
 I - 2 scrolls of amnesia {unknown}
 J - a scroll of summoning {unknown}
 K - 4 scrolls of noise {unknown}
 M - 5 scrolls of enchant armour
 N - 3 scrolls of fog
 Q - 3 scrolls of blinking {unknown}
 X - a scroll of holy word {unknown}
Potions
 b - 4 potions of might
 e - 6 potions of agility
 i - 7 potions of curing
 k - 2 potions of cancellation
 n - 11 potions of heal wounds
 p - 3 potions of brilliance
 r - a potion of resistance
 s - 2 potions of haste
 z - 2 potions of lignification
 F - 3 potions of flight
 V - 3 potions of invisibility
Comestibles
 d - 11 meat rations
 m - 13 bread rations
 B - 13 beef jerkies
 D - 24 fruits
 Z - 4 slices of pizza


   Skills:
 + Level 14.9 Fighting
 * Level 18.8 Polearms
 * Level 16.8 Bows
 + Level 14.7 Armour
 + Level 13.4 Dodging


You had 16 spell levels left.
You didn't know any spells.

Dungeon Overview and Level Annotations

Branches:
Dungeon (15/15)            Temple (0/1) D:4            Lair (8/8) D:11
  Swamp (4/4) Lair:5        Snake (0/4) Lair:6        Slime (0/6) Lair:7
    Orc (2/2) D:12            Elf (0/3) Orc:2        Vaults (0/5) D:13
 Depths (0/5) D:15

Altars:
Cheibriados
Elyvilon
Fedhas
Kikubaaqudgha
Makhleb
Nemelex Xobeh
Pakellas
Qazlal
Sif Muna
Trog
Vehumet
Xom
Yredelemnul
Zin
Beogh
Jiyva

Shops:
D:8 [   D:12 (   D:15 *   Orc:2 :*?!


Innate Abilities, Weirdness & Mutations

You reflexively headbutt those who attack you in melee.
You have a pair of horns on your head.
You are somewhat resistant to further mutation.


Message History

You headbutt the swamp drake!
The nine-headed hydra barely misses you.
The nine-headed hydra closely misses you. x2
The nine-headed hydra bites you but does no damage. x2
The nine-headed hydra misses you.
The nine-headed hydra completely misses you.
The nine-headed hydra bites you but does no damage.
The nine-headed hydra misses you.
Read which item? (? for menu, Esc to quit)
As you read the scroll of teleportation, it crumbles to dust.
You feel strangely unstable. The eight-headed hydra misses you.
The eight-headed hydra bites you.
* * * LOW HITPOINT WARNING * * *
The eight-headed hydra misses you.
The eight-headed hydra completely misses you.
The eight-headed hydra bites you but does no damage. x2
The eight-headed hydra misses you. The eight-headed hydra bites you.
* * * LOW HITPOINT WARNING * * *
The swamp drake bites you.
You die...

#§§# ####.♣# ♣♣♣
##.≈k.≈♣ ♣♣.♣♣
##≈†≈§≈.≈ ♣♣≈≈≈♣
♣♣♣ ##††###...
♣.≈.♣♣♣♣.♣♣ ##..##
###.
♣....♣♣...♣♣###..##
.
♣♣..♣♣♣♣Dk.≈≈.≈.≈#
.
♣♣≈≈..≈♣.@D.§≈≈≈≈♣#
♣
♣....≈§≈..≈..≈.≈..#
♣♣..≈≈÷..÷..♣###≈≈#
♣.....÷..§.♣ ##.≈#
♣♣♣...÷...≈.♣ #≈.#
♣♣..≈.≈....♣♣♣ #.≈≈
♣.≈..≈..≈..♣ #...
♣♣.....≈..♣♣ ###
♣....≈.≈≈♣♣


You could see a nine-headed hydra, an eight-headed hydra and a swamp drake.

Vanquished Creatures
  Saint Roka (Orc:2)
  Kirke (D:14)
  2 thorn hunters
  Roxanne (Swamp:4)
  Maud (D:12)
  A stone giant (Orc:1)
  Azrael (D:15)
  Snorg (Lair:8)
  The ghost of TBriggs11TB the Spry, a journeyman MfGl of Okawaru (Lair:1)
  Josephine (D:10)
  3 fire dragons
  17 hydras
  An ice dragon (D:15)
  A ghost crab (Swamp:3)
  4 catoblepae
  A death knight (D:12)
  An ogre mage (D:15)
  4 centaur warriors
  10 alligators
  A deep troll shaman (Lair:8)
  3 orc high priests (Orc:2)
  12 death yaks
  A tengu warrior (D:13)
  2 skeletal warriors (D:12)
  8 swamp dragons
  3 unseen horrors
  6 hill giants
  2 shambling mangroves
  3 spriggan druids
  A wizard (D:13)
  Pikel (D:8)
  4 orc knights (Orc:2)
  2 necromancers
  A phantasmal warrior (D:12)
  4 orc sorcerers
  4 ugly things
  4 griffons
  5 cyclopes
  6 centaur zombies
  2 manticores
  Joseph (Lair:1)
  A salamander (Lair:7)
  12 elephants
  An ice statue (IceCv)
  Psyche (D:8)
  4 centaur skeletons
  6 black mambas
  A gargoyle (D:15)
  A rime drake (shapeshifter) (D:15)
  16 spiny frogs
  8 komodo dragons
  2 kobold demonologists
  2 rime drakes
  10 freezing wraiths
  2 polar bears
  12 trolls
  A tengu conjurer (D:13)
  A polar bear (shapeshifter) (D:9)
  6 giant leeches
  5 two-headed ogres
  12 slime creatures
  5 blink frogs
  7 bog bodies
  A hornet zombie (D:13)
  Sigmund (D:4)
  3 shadows
  65 yaks
  4 fire elementals (D:15)
  5 wyverns
  6 spriggans
  8 wraiths
  Eustachio (D:5)
  5 basilisks
  A hog (D:14)
  3 water elementals (D:13)
  10 hippogriffs
  A hungry ghost (D:13)
  A death yak simulacrum (IceCv)
  A steam dragon (Lair:8)
  4 wargs
  29 vampire mosquitoes
  24 insubstantial wisps
  13 swamp worms
  Duvessa (D:5)
  2 soldier ants (D:8)
  2 hell hounds (D:15)
  13 water moccasins
  11 porcupines
  3 phantoms
  10 ice beasts
  31 orc warriors
  2 sky beasts
  10 swamp drakes
  3 black bears
  15 ogres
  2 necrophages (D:13)
  A slave (D:8)
  13 wasps
  14 centaurs
  22 wolves
  11 crocodiles
  2 big kobolds
  26 giant frogs
  Dowan (D:5)
  5 scorpions
  2 elephant simulacra (IceCv)
  4 wights (D:14)
  6 killer bees (D:11)
  12 electric eels
  A vampire bat (Lair:8)
  12 howler monkeys
  10 crimson imps
  2 giant frog zombies (D:5)
  A draconian simulacrum (IceCv)
  3 quasits
  8 hounds
  27 orc wizards
  5 jellies
  24 orc priests
  7 iguanas
  3 polar bear simulacra
  13 worker ants
  3 yak simulacra (Lair:8)
  2 spriggan simulacra (IceCv)
  5 troll simulacra (IceCv)
  25 sheep
  2 wolf simulacra (Lair:8)
  A centaur simulacrum (IceCv)
  A hound zombie (D:7)
  A howler monkey zombie (D:11)
  2 ogre simulacra (IceCv)
  13 adders
  6 naga simulacra (IceCv)
  75 river rats
  4 shadow imps
  10 white imps (IceCv)
  7 oozes
  2 adder skeletons
  2 worms
  2 dart slugs
  19 giant geckos
  97 orcs
  13 bats
  16 giant cockroaches
  11 goblins
  11 hobgoblins
  10 jackals
  9 quokkas
  15 ball pythons
  19 giant newts
  18 kobolds
  A quokka skeleton (D:4)
  6 rats
  4 river rat simulacra (Lair:8)
  A butterfly (Lair:8)
  A fungus (Lair:5)
  5 plants
1190 creatures vanquished.

Vanquished Creatures (collateral kills)
  The ghost of Aiteri the Fighter, a journeyman DrCK of Xom (D:11)
  A freezing wraith (IceCv)
  A draconian simulacrum (IceCv)
  A worker ant (D:11)
  A troll simulacrum (IceCv)
  A naga simulacrum (IceCv)
  2 white imps (IceCv)
8 creatures vanquished.

Vanquished Creatures (others)
  A wizard (D:7)
  A centaur skeleton (D:15)
  2 humans
  8 fungi
  8 plants
20 creatures vanquished.

Grand Total: 1218 creatures vanquished

Notes
Turn   | Place    | Note
--------------------------------------------------------------
     0 | D:1      | nikopol the Minotaur Berserker began the quest for the Orb.
     0 | D:1      | Reached XP level 1. HP: 19/19 MP: 0/0
   225 | D:1      | Reached XP level 2. HP: 27/27 MP: 1/1
   340 | D:1      | Reached ** piety under Trog
   476 | D:1      | You fall through a shaft!
   483 | D:2      | Reached XP level 3. HP: 22/34 MP: 2/2
   893 | D:1      | Reached skill level 4 in Polearms
  1239 | D:2      | Found an oddly glowing altar of Pakellas.
  1278 | D:2      | Reached XP level 4. HP: 37/41 MP: 3/3
  1546 | D:2      | Reached *** piety under Trog
  1596 | D:3      | Found a snail-covered altar of Cheibriados.
  1713 | D:3      | Reached skill level 5 in Fighting
  1783 | D:3      | Reached XP level 5. HP: 36/48 MP: 4/4
  2276 | D:4      | Noticed an ogre
  2282 | D:4      | Killed an ogre
  2282 | D:4      | Reached skill level 5 in Polearms
  2282 | D:4      | Reached XP level 6. HP: 43/56 MP: 5/5
  2538 | D:4      | Found a staircase to the Ecumenical Temple.
  2756 | D:4      | Reached **** piety under Trog
  2912 | D:4      | Reached skill level 5 in Armour
  3032 | D:4      | Noticed Sigmund
  3038 | D:4      | Killed Sigmund
  3038 | D:4      | Reached XP level 7. HP: 63/63 MP: 6/6
  3148 | D:5      | Entered Level 5 of the Dungeon
  3179 | D:5      | Found a radiant altar of Vehumet.
  3185 | D:5      | Noticed Eustachio
  3217 | D:5      | Killed Eustachio
  3217 | D:5      | Reached skill level 6 in Polearms
  3217 | D:5      | Reached skill level 5 in Dodging
  3230 | D:5      | Found a glowing drain.
  3243 | Sewer    | Entered a sewer
  3282 | Sewer    | Received a gift from Trog
  3619 | Sewer    | Reached XP level 8. HP: 71/71 MP: 7/7
  4001 | D:5      | Reached skill level 1 in Bows
  4002 | D:5      | Reached skill level 7 in Polearms
  4227 | D:5      | Found a glowing silver altar of Zin.
  4236 | D:5      | Found an ancient bone altar of Kikubaaqudgha.
  4279 | D:5      | Noticed Dowan
  4281 | D:5      | Noticed Duvessa
  4293 | D:5      | Killed Duvessa
  4297 | D:5      | Killed Dowan
  4485 | D:5      | Reached ***** piety under Trog
  4542 | D:5      | Found a shimmering altar of Xom.
  5011 | D:6      | Found a sparkling altar of Nemelex Xobeh.
  5081 | D:6      | Reached XP level 9. HP: 62/80 MP: 8/8
  5152 | D:6      | Reached skill level 8 in Polearms
  5704 | D:7      | Reached skill level 5 in Bows
  5783 | D:7      | Found a stormy altar of Qazlal.
  5928 | D:7      | Received a gift from Trog
  5934 | D:7      | Reached skill level 9 in Polearms
  6250 | D:7      | Found a bloodstained altar of Trog.
  6254 | D:7      | Noticed a wizard
  6260 | D:7      | Killed a wizard
  6632 | D:7      | Found a burning altar of Makhleb.
  6743 | D:7      | Reached XP level 10. HP: 83/90 MP: 9/9
  6834 | D:8      | Noticed Psyche
  6840 | D:8      | Killed Psyche
  6930 | D:8      | Found Vima's Armour Boutique.
  6935 | D:8      | Noticed Pikel
  6963 | D:8      | Killed Pikel
  6985 | D:8      | Found a basalt altar of Yredelemnul.
  7268 | D:8      | Reached skill level 10 in Polearms
  7559 | D:8      | Found a radiant altar of Vehumet.
  7592 | D:8      | Found a runed door.
  7604 | D:8      | Found a white marble altar of Elyvilon.
  7645 | D:8      | Found a runed door.
  7718 | D:8      | Found a deep blue altar of Sif Muna.
  7792 | D:8      | Received a gift from Trog
  7984 | D:9      | Found a blossoming altar of Fedhas.
  8065 | D:9      | Received a gift from Trog
  8597 | D:10     | Entered Level 10 of the Dungeon
  8597 | D:10     | Noticed a hill giant
  8609 | D:10     | Killed a hill giant
  8957 | D:10     | Reached XP level 11. HP: 97/97 MP: 10/10
  8989 | D:10     | Reached skill level 11 in Polearms
  9035 | D:10     | Noticed Josephine
  9052 | D:10     | Killed Josephine
 10086 | D:10     | Reached skill level 10 in Fighting
 10241 | D:10     | Noticed a green ugly thing
 10257 | D:10     | Killed a green ugly thing
 10516 | D:10     | Received a gift from Trog
 10868 | D:11     | Noticed Aiteri's ghost (journeyman DrCK)
 10901 | D:11     | HP: 1/99 [Aiteri's ghost/bolt of negative energy (20)]
 10904 | D:11     | Killed Aiteri's ghost
 10904 | D:11     | Reached skill level 12 in Polearms
 11285 | D:11     | Received a gift from Trog
 11576 | D:11     | Noticed a hill giant
 11594 | D:11     | Killed a hill giant
 11798 | D:11     | Received a gift from Trog
 12073 | D:11     | Reached skill level 10 in Bows
 12100 | D:11     | Reached skill level 10 in Armour
 12107 | D:11     | Reached XP level 12. HP: 102/107 MP: 7/11
 12109 | D:11     | Received a gift from Trog
 12279 | D:11     | Found a staircase to the Lair.
 12495 | D:11     | You fall through a shaft!
 12506 | D:12     | Found a staircase to the Orcish Mines.
 12561 | D:12     | Found a roughly hewn altar of Beogh.
 12651 | D:11     | Noticed a fire dragon
 12669 | D:11     | Killed a fire dragon
 13298 | Lair:1   | Entered Level 1 of the Lair of Beasts
 13431 | Lair:1   | Noticed TBriggs11TB's ghost (journeyman MfGl)
 13458 | Lair:1   | Killed TBriggs11TB's ghost
 13458 | Lair:1   | Reached skill level 13 in Polearms
 13989 | Lair:1   | Noticed Joseph
 14009 | Lair:1   | Killed Joseph
 14221 | Lair:1   | Received a gift from Trog
 15614 | Lair:3   | Noticed a fire dragon
 15630 | Lair:3   | Killed a fire dragon
 15636 | Lair:3   | Reached skill level 14 in Polearms
 15643 | Lair:3   | Reached ****** piety under Trog
 15668 | Lair:3   | Got a brightly glowing whip
 15669 | Lair:3   | Identified the +4 whip "Unwotoce" {drain, Fragile +Inv rN++ MR+} (You found it on level 3 of the Lair of Beasts)
 15672 | Lair:3   | Got a slimy golden amulet
 15730 | Lair:3   | Identified the amulet of Lies {+Rage rPois MR+ Dex+4} (You found it on level 3 of the Lair of Beasts)
 15758 | Lair:3   | Reached XP level 13. HP: 116/116 MP: 12/12
 16441 | Lair:4   | Reached skill level 10 in Dodging
 16464 | Lair:4   | Received a gift from Trog
 16526 | Lair:4   | Found a frozen archway.
 16530 | IceCv    | Entered an ice cave
 16934 | IceCv    | Received a gift from Trog
 17620 | IceCv    | Found an ancient bone altar of Kikubaaqudgha.
 18860 | Lair:5   | Received a gift from Trog
 19009 | Lair:5   | Received a gift from Trog
 19205 | Lair:5   | Found a staircase to the Swamp.
 19799 | Lair:5   | Reached skill level 15 in Polearms
 20864 | Lair:6   | Found a staircase to the Snake Pit.
 21074 | Lair:6   | Reached XP level 14. HP: 126/126 MP: 13/13
 21378 | Lair:7   | Received a gift from Trog
 21390 | Lair:7   | Found a viscous altar of Jiyva.
 21390 | Lair:7   | Found a staircase to the Slime Pits.
 21818 | Lair:7   | Received a gift from Trog
 22079 | Lair:8   | Entered Level 8 of the Lair of Beasts
 22712 | Lair:8   | Noticed Snorg
 22726 | Lair:8   | Killed Snorg
 23130 | Lair:8   | Received a gift from Trog
 23456 | Lair:8   | Reached skill level 16 in Polearms
 24738 | Lair:4   | Received a gift from Trog
 24996 | Orc:1    | Entered Level 1 of the Orcish Mines
 25038 | Orc:1    | Received a gift from Trog
 25143 | Orc:1    | Received a gift from Trog
 25196 | Orc:1    | Noticed a stone giant
 25589 | Orc:1    | Killed a stone giant
 25589 | Orc:1    | Reached XP level 15. HP: 135/135 MP: 14/14
 25785 | Orc:1    | Received a gift from Trog
 26020 | Orc:2    | Entered Level 2 of the Orcish Mines
 26112 | Orc:2    | Found a burning altar of Makhleb.
 26371 | Orc:2    | Noticed Saint Roka
 26866 | Orc:2    | Received a gift from Trog
 26886 | Orc:2    | Killed Saint Roka
 27346 | Orc:2    | Found a staircase to the Elven Halls.
 27549 | Orc:2    | Found Kusumal's Book Emporium.
 27549 | Orc:2    | Found Miuhag's Distillery.
 27553 | Orc:2    | Found Opevy's General Store.
 27553 | Orc:2    | Found Ileyneru's Magic Scroll Shop.
 27592 | Orc:2    | Bought a potion of beneficial mutation for 420 gold pieces
 27614 | Orc:2    | Gained mutation: You are somewhat resistant to further mutation. [potion of beneficial mutation]
 27997 | D:12     | Noticed Maud
 28010 | D:12     | Killed Maud
 28076 | D:12     | Found Beossug's Weapon Boutique.
 28264 | Orc:2    | Bought a scroll of identify for 22 gold pieces
 28264 | Orc:2    | Bought a scroll of identify for 22 gold pieces
 28264 | Orc:2    | Bought a scroll of enchant armour for 82 gold pieces
 28378 | D:12     | Reached skill level 15 in Bows
 28389 | D:12     | Reached skill level 17 in Polearms
 29562 | D:13     | Received a gift from Trog
 29929 | D:13     | Found a gate to the Vaults.
 30842 | D:14     | Noticed Kirke
 30868 | D:14     | Killed Kirke
 31551 | D:15     | Entered Level 15 of the Dungeon
 31551 | D:15     | Noticed Azrael
 31561 | D:15     | Killed Azrael
 31715 | D:15     | Received a gift from Trog
 32064 | D:14     | Paralysed by fainting for 12 turns
 32593 | D:15     | Reached XP level 16. HP: 145/145 MP: 15/15
 32604 | D:15     | Received a gift from Trog
 32954 | D:15     | Found Ecwaph's Demolitions Depot.
 33345 | D:15     | Found a staircase to the Depths.
 33724 | Swamp:1  | Entered Level 1 of the Swamp
 34820 | Swamp:2  | Reached skill level 18 in Polearms
 34832 | Swamp:2  | Noticed a thorn hunter
 34846 | Swamp:2  | Killed a thorn hunter
 35407 | Swamp:2  | Got a twisted scale mail
 35418 | Swamp:2  | Identified the +2 scale mail "Ixasist" {+Inv rElec rPois Str-5 Stlth+} (You found it on level 2 of the Swamp)
 35558 | Swamp:3  | Received a gift from Trog
 36780 | Swamp:3  | Received a gift from Trog
 37126 | Swamp:4  | Entered Level 4 of the Swamp
 37230 | Swamp:4  | Noticed Roxanne
 37292 | Swamp:4  | Killed Roxanne
 37295 | Swamp:4  | Received a gift from Trog
 37855 | Swamp:4  | Noticed a thorn hunter
 37874 | Swamp:4  | Reached XP level 17. HP: 154/154 MP: 16/16
 37920 | Swamp:4  | HP: 5/154 [eight-headed hydra (3)]
 37920 | Swamp:4  | HP: 2/154 [eight-headed hydra (3)]
 37920 | Swamp:4  | Slain by a swamp drake

Skill      XL: |  1  2  3  4  5  6  7  8  9 10 11 12 13 14 15 16 |
---------------+-------------------------------------------------+-----
Fighting       | 4 5 6 7 8 9 10 11 12 13 14 | 14.9
Polearms       | 4 5 6 7 9 10 12 14 15 16 17 18 | 18.8
Armour         | 3 4 5 6 8 9 10 11 12 13 14 | 14.7
Dodging        | 3 4 5 6 7 8 9 10 11 12 13 | 13.4
Bows           | 3 6 8 10 11 13 14 15 16 | 16.8

Action                   |  1- 3 |  4- 6 |  7- 9 | 10-12 | 13-15 | 16-18 || total
-------------------------+-------+-------+-------+-------+-------+-------++-------
Melee: Spear             |   123 |    76 |       |       |       |       ||   199
       Headbutt          |     8 |    28 |    51 |   132 |   282 |    91 ||   592
       Trident           |       |    91 |   276 |   587 |   577 |       ||  1531
       Shortbow          |       |       |     1 |       |       |     1 ||     2
       Glaive            |       |       |       |       |   254 |   252 ||   506
       Unarmed           |       |       |       |       |     8 |       ||     8
 Fire: Shortbow          |       |       |   203 |   546 |  1457 |   666 ||  2872
       Longbow           |       |       |       |       |     8 |       ||     8
Invok: Berserk           |       |     1 |     1 |     9 |    15 |     3 ||    29
       Brothers in Arms  |       |       |       |     1 |     2 |     2 ||     5
       Burn Spellbooks   |       |       |       |       |     6 |     3 ||     9
       Trog's Hand       |       |       |       |       |     1 |     1 ||     2
 Abil: Evoke Flight      |       |       |       |       |     1 |       ||     1
  Use: Scroll            |       |       |     9 |    12 |     8 |     4 ||    33
       Potion            |       |       |       |     1 |     3 |       ||     4
 Stab: Sleeping          |     1 |       |       |       |       |       ||     1
       Petrified         |       |       |       |       |     4 |       ||     4
       Petrifying        |       |       |       |       |     1 |       ||     1
  Eat: Chunk             |     1 |     6 |    14 |    35 |    52 |    16 ||   124
       Royal jelly       |       |       |       |     1 |     1 |     1 ||     3
       Pizza             |       |       |       |       |     5 |       ||     5
       Meat ration       |       |       |       |       |     1 |       ||     1
       Fruit             |       |       |       |       |     1 |       ||     1
Armor: Animal skin       |    12 |     1 |       |       |       |       ||    13
       Ring mail         |       |    38 |    63 |    75 |    42 |       ||   218
       Scale mail        |       |       |    37 |    40 |       |       ||    77
       Chain mail        |       |       |       |       |   318 |   184 ||   502
Dodge: Dodged            |    67 |    68 |   234 |   425 |   872 |   502 ||  2168
Block: Other             |       |       |       |    17 |       |       ||    17
